Map: Lost and Found LE

Players

Malvazar - Winner!

  • Race: Protoss Protoss
  • Spawn Location: 1:00

CosFlasher

  • Race: Zerg Zerg
  • League: Diamond
  • Spawn Location: 7:00

VOD

Have the link to the VOD?

Description

Time

  • Played on: Nov. 8, 2018, 8:05 a.m.
  • Length: 9:55
Show
View Real Time Build Order
Export as new Build Order

Malvazar Protoss - Winner!

Build Orders: Cannon Rush, Double Forge 

Get SALT Encoding   

  12  0:01  Probe  
  13  0:13  Probe  
  14  0:20  Pylon  
  14  0:26  Probe  
  15  0:38  Probe  
  16  0:45  Forge  
  16  0:50  Probe  
  16  0:52  Assimilator  
  17  1:00  Forge  
  17  1:01  Probe  
  18  1:09  Probe  
  18  1:17  Probe  
  20  1:32  Pylon  
  20  1:51  Photon Cannon  
  20  1:56  Photon Cannon  
  20  1:58  Photon Cannon  
  20  2:01  Probe  
  21  2:16  Pylon  
  21  2:17  Nexus  
  21  2:21  Gateway  
  21  2:33  Probe  
  22  2:46  Probe  
  22  2:50  Photon Cannon  
  23  2:56  Photon Cannon  
  23  2:58  Probe  
  24  3:08  Pylon  
  24  3:15  Cybernetics Core  
  24  3:18  Probe  
  25  3:27  Probe  
  25  3:30  Probe  
  27  3:35  Probe  
  27  3:39  Zealot  
  30  3:42  Probe  
  30  3:44  Probe  
  30  3:48  Photon Cannon  
  32  3:50  Photon Cannon  
  32  3:54  Probe  
  33  3:56  Probe  
  34  4:06  Probe  
  35  4:12  Probe  
  35  4:13  Pylon  
  35  4:14  Twilight Council  
  36  4:17  Stargate  
  36  4:24  Stargate  
  36  4:26  Probe x2  
  38  4:32  Assimilator  
  38  4:36  Pylon  
  38  4:40  Pylon  
  38  4:54  Probe  
  38  4:56  Probe  
  40  5:00  Gateway  
  40  5:01  Void Ray, Warp Gate  
  40  5:05  Gateway  
  40  5:06  Gateway  
  39  5:09  Probe  
  39  5:10  Probe, Gateway  
  45  5:14  Zealot  
  47  5:34  Charge  
  47  5:35  Probe  
  48  5:40  Probe  
  47  5:50  Assimilator  
  47  5:55  Gateway  
  47  5:57  Void Ray  
  47  5:58  Zealot  
  47  6:01  Pylon  
  47  6:03  Pylon  
  49  6:09  Probe  
  54  6:19  Probe  
  54  6:21  Probe, Gateway  
  54  6:23  Gateway  
  56  6:26  Gateway  
  56  6:31  Gateway x2  
  56  6:37  Gateway, Zealot  
  58  6:41  Void Ray, Robotics Facility  
  58  6:53  Probe  
  63  7:02  Gateway  
  63  7:07  Protoss Ground Weapons Level 1, Pylon  
  63  7:10  Pylon  
  63  7:14  Zealot x3  
  69  7:27  Void Ray, Pylon  
  69  7:31  Pylon  
  69  7:33  Pylon  
  69  7:35  Void Ray  
  73  7:40  Zealot x3  
  73  7:41  Zealot  
  85  7:46  Zealot  
  87  7:52  Warp Prism  
  87  7:58  Zealot  
  87  7:59  Zealot x2  
  95  8:16  Void Ray  
  99  8:32  Probe  
  100  8:38  Zealot  
  100  8:39  Zealot x5  
  102  8:55  Zealot x5  
  110  8:56  Zealot  
  108  9:07  Zealot  
  110  9:15  Pylon  
  110  9:19  Pylon  
  110  9:21  Pylon  
  110  9:24  Pylon  
  106  9:41  Zealot x4  
  106  9:42  Zealot x4  
  106  9:44  Sentry x2  
Show
View Real Time Build Order
Export as new Build Order

CosFlasher Zerg 

Build Orders: Hatch First 

Get SALT Encoding   

  12  0:01  Drone  
  13  0:12  Overlord  
  13  0:16  Drone  
  14  0:31  Drone x2  
  16  0:41  Drone  
  17  0:46  Drone  
  18  0:58  Drone  
  18  1:00  Extractor  
  18  1:04  Hatchery  
  17  1:10  Drone  
  18  1:17  Spawning Pool  
  17  1:19  Drone  
  18  1:33  Drone  
  19  1:40  Overlord  
  20  2:12  Queen  
  20  2:13  Spine Crawler, Zergling x6  
  20  2:14  Hatchery  
  23  2:18  Spine Crawler  
  22  2:37  Metabolic Boost  
  23  2:51  Queen  
  23  2:53  Hatchery  
  23  2:57  Roach Warren  
  23  3:11  Zergling x2  
  23  3:12  Zergling x4  
  26  3:23  Zergling x2  
  26  3:24  Zergling x4  
  29  3:42  Hatchery  
  26  4:19  Zergling x4  
  26  4:21  Queen  
  27  4:32  Drone  
  27  4:34  Overlord x3  
  28  4:56  Baneling Nest, Lair  
  28  4:58  Extractor  
  26  5:27  Drone  
  26  5:28  Drone x7  
  33  5:48  Drone x3  
  36  5:50  Drone x2  
  38  6:06  Drone x3  
  38  6:11  Drone x5  
  46  6:22  Queen  
  48  6:29  Spore Crawler  
  46  6:36  Spore Crawler, Queen  
  46  6:42  Hydralisk Den  
  46  6:44  Spore Crawler, Drone x2  
  45  6:50  Drone x3  
  48  7:12  Drone x2  
  48  7:13  Drone x5  
  48  7:14  Drone x2  
  48  7:15  Overlord  
  57  7:17  Overlord  
  57  7:21  Drone  
  58  7:25  Extractor  
  58  7:26  Extractor  
  56  7:33  Evolution Chamber  
  56  7:36  Drone x4, Evolution Chamber  
  58  7:38  Drone x2  
  58  7:39  Drone  
  58  7:40  Drone x2  
  58  7:42  Drone  
  64  7:59  Hatchery  
  64  8:03  Hydralisk x4  
  64  8:05  Hydralisk  
  73  8:20  Hydralisk  
  64  8:27  Hydralisk x4  
  65  8:52  Hydralisk  
  65  8:53  Hydralisk x5  
  58  9:16  Hydralisk x4  
  55  9:30  Hydralisk  
Tags
 
Add a new tag
Caveats
  • Supply blocks, unpowered buildings, or Contaminate may cause inaccurate times.
  • Supply counts are checked every 10 seconds.